[ AOE2 MATCH · #473882381 ]
UnrankedWu vs Dravidians
[ REPLAY ANALYSIS · EXTRACTED FROM THE RECORDED GAME ]
Feudal
13:13
Castle
—
Imperial
—
| APM avg | 39.9 |
| APM peak | 82 |
| eAPM avg | 15.3 |
| Villagers / military | 35 / 10 |
Focus
⚔️ 20.9% · 🌾 79.1%
Fishing Ship ×13 · Galley ×10
Feudal
—
Castle
—
Imperial
—
| APM avg | 37.4 |
| APM peak | 68 |
| eAPM avg | 13.3 |
| Villagers / military | 33 / 6 |
Focus
⚔️ 23.0% · 🌾 77.0%
Fishing Ship ×9 · Archer ×6
Feudal
14:02
Castle
17:32
Imperial
—
| APM avg | 32.1 |
| APM peak | 58 |
| eAPM avg | 15.1 |
| Villagers / military | 40 / 10 |
Focus
⚔️ 23.1% · 🌾 76.9%
Fishing Ship ×12 · Eagle Scout ×8 · Mangonel ×1 · Scorpion ×1
Feudal
12:12
Castle
—
Imperial
—
| APM avg | 38.0 |
| APM peak | 80 |
| eAPM avg | 20.7 |
| Villagers / military | 45 / 25 |
Focus
⚔️ 28.3% · 🌾 71.7%
Archer ×15 · Militia ×8 · Fishing Ship ×6 · Unknown (2626) ×3 · Demolition Raft ×2
Match map
Initial resources + every placement click. Lines = walls · curves = elevation contours. ◆ gold · ⬟ stone · ● berries · ✦ relic · ◌ wall gap
Your base· Open — 10t gap
destining2675's base· Open — 9t gap
Naramwig's base· Open — 2t gap
Morinator's base· Open — unwalled flank
Smoothed initial terrain · ◌ = detected wall gap · hover for details
Inputs per minute
— Boubou - - destining2675
Build order — Boubou
84 actions detected in the replay
| 0:08 | Build | Town Center |
| 0:44 | Build | Dock |
| 0:46 | Build | House |
| 1:47 | Build | Palisade Wall |
| 2:28 | Create | Villager (Male) |
| 2:28 | Create | Villager (Male) |
| 2:28 | Create | Villager (Male) |
| 2:29 | Create | Villager (Male) |
| 2:29 | Create | Villager (Male) |
| 2:29 | Create | Villager (Male) |
| 3:32 | Create | Fishing Ship |
| 3:49 | Create | Villager (Male) |
| 4:04 | Build | House |
| 4:37 | Create | Fishing Ship |
| 4:58 | Create | Villager (Male) |
| 4:58 | Create | Villager (Male) |
| 5:17 | Create | Fishing Ship |
| 5:26 | Research | Loom |
| 5:34 | Build | House |
| 5:56 | Create | Villager (Male) |
| 6:07 | Create | Fishing Ship |
| 6:10 | Create | Villager (Male) |
| 6:10 | Create | Villager (Male) |
| 6:38 | Create | Villager (Male) |
| 6:47 | Create | Fishing Ship |
| 7:02 | Build | House |
| 7:04 | Create | Villager (Male) |
| 7:04 | Create | Villager (Male) |
| 7:05 | Create | Villager (Male) |
| 7:30 | Create | Fishing Ship |
| 7:44 | Create | Villager (Male) |
| 7:51 | Create | Fishing Ship |
| 8:06 | Build | House |
| 8:28 | Create | Villager (Male) |
| 8:42 | Create | Villager (Male) |
| 8:51 | Create | Fishing Ship |
| 8:52 | Create | Villager (Male) |
| 9:29 | Build | Mill |
| 9:33 | Create | Fishing Ship |
| 9:34 | Create | Villager (Male) |
| 9:36 | Build | House |
| 9:52 | Create | Villager (Male) |
| 10:10 | Create | Fishing Ship |
| 10:37 | Create | Villager (Male) |
| 10:49 | Build | Dock |
| 11:03 | Research | Feudal Age |
| 11:12 | Build | Mining Camp |
| 11:25 | Build | House |
| 11:27 | Create | Fishing Ship |
| 11:38 | Create | Fishing Ship |
| 12:14 | Create | Fishing Ship |
| 12:49 | Build | Lumber Camp |
| 13:02 | Create | Villager (Male) |
| 13:13 | Age | Feudal Age |
| 13:15 | Create | Galley |
| 13:32 | Create | Galley |
| 13:33 | Create | Galley |
| 13:34 | Create | Villager (Male) |
| 13:39 | Create | Villager (Male) |
| 14:01 | Build | House |
| 14:04 | Create | Galley |
| 14:07 | Research | Town Watch |
| 14:22 | Create | Villager (Male) |
| 14:37 | Build | House |
| 14:48 | Create | Galley |
| 14:49 | Create | Villager (Male) |
| 15:07 | Create | Galley |
| 15:18 | Research | Double-Bit Axe |
| 15:30 | Create | Villager (Male) |
| 15:59 | Create | Galley |
| 16:01 | Create | Villager (Male) |
| 16:01 | Create | Villager (Male) |
| 16:15 | Build | Watch Tower |
| 16:23 | Create | Villager (Male) |
| 16:46 | Create | Galley |
| 16:51 | Build | House |
| 17:24 | Create | Villager (Male) |
| 17:35 | Create | Galley |
| 17:35 | Create | Galley |
| 17:59 | Create | Villager (Male) |
| 18:15 | Build | Market |
| 18:21 | Create | Villager (Male) |
| 20:40 | Build | Blacksmith |
| 20:45 | Research | Wheelbarrow |
Build order — destining2675
82 actions detected in the replay
| 0:04 | Build | Town Center |
| 1:19 | Build | Dock |
| 2:21 | Create | Villager (Male) |
| 2:22 | Create | Villager (Male) |
| 2:22 | Create | Villager (Male) |
| 2:22 | Create | Villager (Male) |
| 3:41 | Research | Loom |
| 3:47 | Create | Fishing Ship |
| 4:13 | Create | Villager (Male) |
| 4:31 | Build | House |
| 4:57 | Create | Villager (Male) |
| 5:09 | Build | House |
| 5:15 | Create | Villager (Male) |
| 5:47 | Create | Villager (Male) |
| 6:03 | Create | Fishing Ship |
| 6:09 | Create | Villager (Male) |
| 6:29 | Create | Fishing Ship |
| 6:34 | Create | Villager (Male) |
| 6:58 | Build | House |
| 7:00 | Create | Villager (Male) |
| 7:06 | Create | Fishing Ship |
| 7:20 | Create | Villager (Male) |
| 7:36 | Create | Villager (Male) |
| 7:53 | Create | Villager (Male) |
| 8:06 | Create | Fishing Ship |
| 8:25 | Create | Villager (Male) |
| 8:29 | Build | Mill |
| 8:36 | Create | Villager (Male) |
| 8:46 | Create | Villager (Male) |
| 9:03 | Build | House |
| 9:04 | Build | House |
| 9:19 | Create | Villager (Male) |
| 9:53 | Create | Fishing Ship |
| 10:03 | Build | House |
| 10:11 | Create | Villager (Male) |
| 10:15 | Create | Fishing Ship |
| 10:30 | Create | Villager (Male) |
| 10:35 | Create | Villager (Male) |
| 10:53 | Build | House |
| 11:12 | Research | Feudal Age |
| 11:44 | Build | Mining Camp |
| 11:58 | Create | Fishing Ship |
| 12:11 | Build | Barracks |
| 12:38 | Create | Fishing Ship |
| 12:49 | Build | House |
| 13:05 | Build | House |
| 13:18 | Build | House |
| 13:32 | Build | Archery Range |
| 13:35 | Build | House |
| 13:45 | Create | Villager (Male) |
| 13:45 | Create | Villager (Male) |
| 13:52 | Build | Blacksmith |
| 14:11 | Create | Villager (Male) |
| 14:32 | Create | Archer |
| 14:36 | Research | Castle Age |
| 14:49 | Build | Mining Camp |
| 14:51 | Create | Villager (Male) |
| 14:53 | Create | Archer |
| 15:21 | Build | House |
| 15:28 | Research | Fletching |
| 15:31 | Create | Archer |
| 16:13 | Research | Stone Mining |
| 17:12 | Research | Padded Archer Armor |
| 17:14 | Create | Archer |
| 18:04 | Build | Castle |
| 18:11 | Research | Bodkin Arrow |
| 18:12 | Create | Villager (Male) |
| 18:14 | Build | Lumber Camp |
| 18:17 | Create | Villager (Male) |
| 18:21 | Research | Crossbowman (upgrade) |
| 18:44 | Create | Archer |
| 19:11 | Create | Archer |
| 19:40 | Create | Villager (Male) |
| 19:41 | Create | Villager (Male) |
| 19:41 | Create | Villager (Male) |
| 20:36 | Build | Lumber Camp |
| 20:50 | Create | Villager (Male) |
| 20:50 | Create | Villager (Male) |
| 20:50 | Create | Villager (Male) |
| 20:53 | Research | Double-Bit Axe |
| 21:47 | Build | Town Center |
| 22:07 | Build | University |
Build order — Naramwig
104 actions detected in the replay
| 0:02 | Build | Town Center |
| 2:05 | Build | Dock |
| 2:06 | Build | House |
| 2:24 | Create | Villager (Male) |
| 2:24 | Create | Villager (Male) |
| 2:25 | Create | Villager (Male) |
| 2:25 | Create | Villager (Male) |
| 3:25 | Create | Fishing Ship |
| 3:25 | Create | Fishing Ship |
| 4:12 | Create | Villager (Male) |
| 4:20 | Build | House |
| 4:50 | Create | Villager (Male) |
| 4:50 | Create | Villager (Male) |
| 5:03 | Create | Fishing Ship |
| 5:20 | Research | Loom |
| 5:22 | Create | Villager (Male) |
| 6:06 | Create | Villager (Male) |
| 6:10 | Create | Fishing Ship |
| 6:17 | Build | House |
| 6:31 | Create | Villager (Male) |
| 6:50 | Create | Villager (Male) |
| 7:12 | Create | Fishing Ship |
| 7:22 | Build | House |
| 7:40 | Create | Villager (Male) |
| 7:55 | Create | Villager (Male) |
| 7:55 | Create | Fishing Ship |
| 7:56 | Create | Fishing Ship |
| 8:24 | Create | Villager (Male) |
| 8:24 | Create | Villager (Male) |
| 8:35 | Create | Villager (Male) |
| 8:35 | Create | Villager (Male) |
| 8:38 | Create | Fishing Ship |
| 8:38 | Create | Fishing Ship |
| 8:44 | Build | House |
| 9:20 | Build | Palisade Wall |
| 9:22 | Build | Palisade Wall |
| 9:25 | Build | Palisade Wall |
| 9:26 | Build | Palisade Wall |
| 9:30 | Create | Villager (Male) |
| 9:31 | Create | Villager (Male) |
| 9:43 | Build | Mining Camp |
| 9:48 | Build | House |
| 10:10 | Create | Fishing Ship |
| 10:48 | Create | Fishing Ship |
| 10:49 | Create | Villager (Male) |
| 11:00 | Build | House |
| 11:27 | Create | Villager (Male) |
| 11:50 | Research | Feudal Age |
| 11:58 | Build | House |
| 12:34 | Build | Palisade Wall |
| 12:57 | Build | Mill |
| 13:00 | Create | Fishing Ship |
| 13:13 | Build | House |
| 13:19 | Build | House |
| 13:25 | Create | Villager (Male) |
| 13:25 | Create | Villager (Male) |
| 14:02 | Age | Feudal Age |
| 14:03 | Build | Market |
| 14:06 | Build | Blacksmith |
| 14:14 | Create | Villager (Male) |
| 14:51 | Research | Castle Age |
| 15:17 | Build | Barracks |
| 16:06 | Build | Blacksmith |
| 16:12 | Build | Barracks |
| 16:14 | Create | Eagle Scout |
| 16:15 | Create | Eagle Scout |
| 16:21 | Research | Scale Mail Armor |
| 16:25 | Build | Lumber Camp |
| 16:57 | Create | Villager (Male) |
| 17:10 | Create | Villager (Male) |
| 17:14 | Research | Double-Bit Axe |
| 17:20 | Build | Farm |
| 17:31 | Create | Eagle Scout |
| 17:32 | Age | Castle Age |
| 17:48 | Build | Farm |
| 18:04 | Create | Villager (Male) |
| 18:14 | Build | Watch Tower |
| 18:27 | Create | Villager (Male) |
| 18:31 | Create | Villager (Male) |
| 18:35 | Build | Siege Workshop |
| 18:50 | Create | Villager (Male) |
| 19:05 | Create | Villager (Male) |
| 19:09 | Create | Eagle Scout |
| 19:09 | Create | Eagle Scout |
| 19:10 | Create | Eagle Scout |
| 19:14 | Create | Villager (Male) |
| 19:44 | Research | Tech 906 |
| 19:53 | Build | House |
| 19:55 | Build | Palisade Wall |
| 19:57 | Build | Lumber Camp |
| 20:04 | Create | Mangonel |
| 20:28 | Create | Villager (Male) |
| 20:38 | Build | Farm |
| 21:02 | Create | Villager (Male) |
| 21:05 | Create | Eagle Scout |
| 21:06 | Create | Eagle Scout |
| 21:08 | Create | Villager (Male) |
| 21:22 | Create | Scorpion |
| 21:24 | Create | Villager (Male) |
| 21:36 | Build | Mining Camp |
| 22:00 | Create | Villager (Male) |
| 22:00 | Create | Villager (Male) |
| 22:00 | Create | Villager (Male) |
| 22:12 | Create | Villager (Male) |
Build order — Morinator
116 actions detected in the replay
| 1:11 | Build | Town Center |
| 1:21 | Build | Dock |
| 1:24 | Build | House |
| 3:09 | Create | Villager (Male) |
| 3:10 | Create | Villager (Male) |
| 3:10 | Create | Villager (Male) |
| 3:10 | Create | Villager (Male) |
| 4:27 | Create | Villager (Male) |
| 4:30 | Create | Fishing Ship |
| 4:30 | Create | Fishing Ship |
| 4:58 | Build | House |
| 5:13 | Create | Villager (Male) |
| 5:48 | Create | Villager (Male) |
| 5:56 | Create | Fishing Ship |
| 6:16 | Create | Villager (Male) |
| 6:36 | Create | Villager (Male) |
| 6:43 | Create | Fishing Ship |
| 7:01 | Create | Villager (Male) |
| 7:01 | Create | Villager (Male) |
| 7:27 | Create | Fishing Ship |
| 7:44 | Build | House |
| 7:50 | Create | Villager (Male) |
| 8:17 | Create | Villager (Male) |
| 8:22 | Create | Fishing Ship |
| 8:28 | Build | House |
| 8:38 | Build | House |
| 8:40 | Create | Villager (Male) |
| 8:41 | Create | Villager (Male) |
| 8:41 | Research | Loom |
| 9:12 | Build | Lumber Camp |
| 10:02 | Research | Feudal Age |
| 10:47 | Build | Mining Camp |
| 11:33 | Create | Villager (Male) |
| 11:36 | Build | Barracks |
| 11:42 | Create | Villager (Male) |
| 11:58 | Create | Villager (Male) |
| 12:12 | Age | Feudal Age |
| 12:13 | Create | Unit 2626 |
| 12:13 | Create | Unit 2626 |
| 12:16 | Create | Villager (Male) |
| 12:22 | Research | Double-Bit Axe |
| 12:23 | Create | Villager (Male) |
| 12:37 | Build | Archery Range |
| 12:43 | Create | Villager (Male) |
| 12:48 | Build | Archery Range |
| 13:01 | Create | Unit 2626 |
| 13:02 | Create | Villager (Male) |
| 13:10 | Build | House |
| 13:15 | Build | House |
| 13:38 | Create | Villager (Male) |
| 13:44 | Create | Archer |
| 13:45 | Create | Archer |
| 13:49 | Build | House |
| 14:00 | Create | Archer |
| 14:00 | Create | Archer |
| 14:20 | Create | Villager (Male) |
| 14:35 | Create | Villager (Male) |
| 14:39 | Create | Archer |
| 15:06 | Create | Archer ×2 |
| 15:06 | Create | Archer ×2 |
| 15:11 | Create | Villager (Male) |
| 15:50 | Create | Villager (Male) |
| 15:51 | Create | Demolition Raft |
| 15:51 | Create | Demolition Raft |
| 15:54 | Build | Mill |
| 16:06 | Create | Villager (Male) |
| 16:09 | Create | Archer ×2 |
| 16:17 | Create | Villager (Male) |
| 16:19 | Build | Blacksmith |
| 16:25 | Build | House |
| 16:47 | Create | Villager (Male) |
| 16:51 | Research | Wheelbarrow |
| 16:56 | Build | Town Center |
| 17:15 | Create | Archer ×3 |
| 17:16 | Create | Villager (Male) |
| 17:36 | Create | Villager (Male) |
| 17:39 | Build | House |
| 17:47 | Build | Palisade Wall |
| 17:56 | Create | Villager (Male) |
| 18:02 | Research | Man-at-Arms (upgrade) |
| 18:05 | Create | Villager (Male) |
| 18:17 | Create | Archer |
| 18:24 | Research | Horse Collar |
| 18:29 | Create | Villager (Male) |
| 19:08 | Build | Farm |
| 19:08 | Build | Farm |
| 19:08 | Build | Farm |
| 19:09 | Build | Farm |
| 19:09 | Build | Farm |
| 19:09 | Build | Farm |
| 19:09 | Build | Farm |
| 19:16 | Create | Villager (Male) |
| 19:20 | Create | Militia |
| 19:21 | Create | Militia |
| 19:37 | Create | Villager (Male) |
| 19:50 | Create | Villager (Male) |
| 20:05 | Build | House |
| 20:09 | Create | Militia |
| 20:10 | Create | Villager (Male) |
| 20:14 | Build | Farm |
| 20:14 | Build | Farm |
| 20:15 | Build | Farm |
| 20:15 | Build | Farm |
| 20:28 | Create | Militia |
| 20:45 | Create | Militia |
| 20:58 | Create | Militia |
| 20:58 | Create | Villager (Male) |
| 21:01 | Build | Farm |
| 21:03 | Build | Farm |
| 21:18 | Create | Villager (Male) |
| 21:21 | Create | Villager (Male) |
| 21:22 | Create | Villager (Male) |
| 22:04 | Create | Militia |
| 22:04 | Create | Militia |
| 22:11 | Create | Villager (Male) |
| 22:15 | Create | Villager (Male) |
Match timeline
| 0:44 | Boubou · first_building Dock |
| 1:19 | destining2675 · first_building Dock |
| 1:21 | Morinator · first_building Dock |
| 1:47 | Boubou · wall_segment Palisade Wall x1 |
| 2:05 | Naramwig · first_building Dock |
| 9:20 | Naramwig · wall_segment Palisade Wall x1 |
| 9:22 | Naramwig · wall_segment Palisade Wall x1 |
| 9:25 | Naramwig · wall_segment Palisade Wall x1 |
| 9:26 | Naramwig · wall_segment Palisade Wall x1 |
| 11:36 | Morinator · first_building Barracks |
| 12:11 | destining2675 · first_building Barracks |
| 12:12 | Morinator · age_up feudal |
| 12:34 | Naramwig · wall_segment Palisade Wall x1 |
| 12:37 | Morinator · first_building Archery Range |
| 13:13 | Boubou · age_up feudal |
| 13:32 | destining2675 · first_building Archery Range |
| 14:02 | Naramwig · age_up feudal |
| 15:17 | Naramwig · first_building Barracks |
| 17:30 | Naramwig · first_market_sell 100 wood |
| 17:32 | Naramwig · age_up castle |
| 17:47 | Morinator · wall_segment Palisade Wall x7 |
| 18:04 | destining2675 · first_building Castle |
| 18:35 | Naramwig · first_building Siege Workshop |
| 19:55 | Naramwig · wall_segment Palisade Wall x6 |
| 20:37 | Boubou · first_market_buy 100 wood |
| 21:07 | Boubou · first_market_sell 100 food |
| 22:17 | Boubou · resign |
[ AI ANALYSIS · 1 CREDIT ]
What really happened in this match?
Wolo.gg analyzes every decision: build order, eco, micro, common mistakes by bracket. Personalized analysis on WhatsApp or Discord in 30 seconds.
Civ guide
Wu
Perfil
Jugador #3110738